Map: Multiprocessor LE

Players

topitop - Winner!

  • Race: Terran Terran
  • Spawn Location: 9:00

Emmimi - Winner!

  • Race: Terran Terran
  • Spawn Location: 11:00

sjuften - Winner!

  • Race: Terran Terran
  • Spawn Location: 9:00

thrilos - Winner!

  • Race: Terran Terran
  • Spawn Location: 12:00

Teomix

  • Race: Terran Terran
  • Spawn Location: 3:00

MooEsqoo

  • Race: Zerg Zerg
  • Spawn Location: 6:00

Cammy

  • Race: Zerg Zerg
  • Spawn Location: 5:00

ShraSs

  • Race: Terran Terran
  • League: Platinum
  • Spawn Location: 5:00

VOD

Have the link to the VOD?

Description

Time

  • Played on: Dec. 24, 2019, 9:12 a.m.
  • Length: 15:43
Show
View Real Time Build Order
Export as new Build Order

topitop Terran - Winner!

Build Orders:  

Get SALT Encoding   

  12  0:03  SCV  
  13  0:15  SCV  
  14  0:27  SCV  
  15  0:29  Supply Depot  
  15  0:37  Refinery  
  15  0:50  SCV  
  16  0:59  Barracks  
  16  1:03  SCV  
  17  1:07  Refinery  
  17  1:15  SCV  
  18  1:27  SCV  
  18  1:29  Supply Depot  
  19  1:39  SCV  
  20  1:51  SCV  
  21  1:57  Barracks Reactor  
  21  2:03  SCV  
  21  2:04  Factory  
  22  2:12  Supply Depot  
  22  2:15  SCV  
  23  2:24  Engineering Bay  
  23  2:27  SCV  
  24  4:07  SCV  
  24  4:08  Command Center, Factory Tech Lab  
  25  4:12  Starport  
  25  4:16  Armory  
  25  4:18  Reaper x2  
  25  4:19  SCV  
  28  4:29  Widow Mine  
  30  4:31  SCV  
  31  4:38  Starport  
  31  4:43  SCV  
  32  4:51  Siege Tank  
  35  4:54  Starport Tech Lab  
  35  4:55  Supply Depot  
  35  5:04  Starport  
  35  5:14  Orbital Command  
  35  5:16  Terran Vehicle And Ship Armor Level 1  
  35  5:17  Starport Reactor  
  35  5:22  Refinery  
  35  5:23  Starport  
  33  5:45  SCV  
  33  5:46  Refinery  
  33  5:49  SCV  
  35  5:54  Starport Tech Lab  
  35  5:57  SCV  
  35  6:01  SCV  
  37  6:05  Armory  
  37  6:09  SCV  
  38  6:13  SCV  
  38  6:16  Starport Tech Lab  
  39  6:18  Viking x3  
  39  6:22  SCV  
  46  6:34  SCV  
  47  6:41  Hyperflight Rotors  
  47  6:43  Cloaking Field  
  47  6:46  SCV  
  48  6:58  SCV  
  46  7:03  Fusion Core  
  46  7:06  Terran Vehicle Weapons Level 1  
  46  7:10  Terran Ship Weapons Level 1, SCV, Viking x2  
  51  7:26  SCV  
  52  7:45  Viking x2  
  52  7:48  Viking  
  58  7:51  Command Center  
  58  7:59  Drilling Claws  
  58  8:06  SCV x2  
  60  8:18  SCV  
  60  8:19  Supply Depot  
  61  8:30  Weapon Refit, SCV  
  62  8:41  Orbital Command  
  62  8:47  Supply Depot  
  62  8:59  Refinery  
  62  9:04  Supply Depot x2  
  62  9:05  Supply Depot, SCV  
  62  9:06  Refinery  
  63  9:12  Supply Depot  
  63  9:13  Battlecruiser  
  69  9:17  SCV  
  70  9:29  SCV  
  71  9:36  Supply Depot  
  71  9:39  Battlecruiser  
  71  9:41  SCV  
  78  9:50  Battlecruiser  
  84  9:54  SCV  
  85  10:06  SCV  
  82  10:32  Viking x3  
  78  10:41  SCV  
  77  10:43  Viking  
  77  10:48  Supply Depot  
  79  10:53  SCV  
  79  10:54  Viking, Missile Turret  
  82  10:57  Terran Ship Weapons Level 2  
  82  11:00  Terran Vehicle And Ship Armor Level 2  
  82  11:02  Banshee  
  85  11:05  SCV  
  86  11:12  Supply Depot, Banshee  
  86  11:15  Missile Turret  
  89  11:24  Battlecruiser  
  95  11:30  SCV  
  96  11:35  Missile Turret  
  96  11:42  SCV  
  97  11:54  SCV  
  97  11:55  Battlecruiser  
  97  11:56  Viking x2  
  108  12:03  Factory  
  108  12:05  Widow Mine  
  108  12:06  SCV  
  111  12:18  SCV  
  112  12:26  Widow Mine  
  112  12:48  Widow Mine  
  100  13:15  Viking x4, Terran Vehicle Weapons Level 2  
  100  13:16  Viking  
  98  13:45  Viking x2  
  96  13:54  Viking x3  
  96  14:00  Widow Mine  
  98  14:04  Orbital Command  
  98  14:12  Command Center  
  98  14:14  Factory Reactor  
  98  14:15  Viking x2  
  102  14:21  Widow Mine  
  104  14:24  Viking x3  
  110  14:42  Widow Mine  
  110  14:45  Viking x2  
  116  14:54  Viking x3  
  122  15:04  Widow Mine  
Show
View Real Time Build Order
Export as new Build Order

Emmimi Terran - Winner!

Build Orders:  

Get SALT Encoding   

  12  0:12  SCV  
  13  0:26  Supply Depot  
  13  0:32  SCV  
  14  0:44  SCV  
  15  0:50  Barracks  
  15  0:57  SCV  
  16  1:08  Barracks  
  16  1:16  SCV  
  17  1:21  Supply Depot  
  17  1:28  SCV  
  18  1:38  Marine  
  19  1:45  Refinery  
  19  1:54  Command Center  
  19  2:00  Marine  
  20  2:13  Marine  
  21  2:18  Marine  
  21  2:20  Barracks  
  22  2:30  Marine  
  22  2:36  Marine, Engineering Bay  
  24  2:43  Supply Depot  
  24  2:50  Orbital Command  
  24  2:55  Marine  
  25  3:01  Marine  
  26  3:09  Barracks Tech Lab  
  26  3:16  Marine  
  26  3:19  Marine  
  28  3:26  SCV  
  29  3:34  Marine  
  29  3:36  Marine  
  29  3:37  Marine  
  29  3:38  SCV  
  33  3:52  Marine  
  34  4:05  Barracks Reactor  
  34  4:09  SCV  
  35  4:17  Supply Depot  
  35  4:20  Terran Infantry Weapons Level 1  
  35  4:21  SCV  
  35  4:22  Stimpack  
  36  4:34  SCV  
  37  4:43  Supply Depot  
  37  4:45  Marine x2  
  39  4:46  SCV  
  39  4:51  Barracks Reactor  
  40  4:58  SCV  
  41  5:02  Supply Depot, Marine  
  41  5:03  Marine  
  43  5:10  SCV  
  43  5:13  Supply Depot  
  44  5:20  Marine x2  
  46  5:22  SCV  
  46  5:24  Marine  
  48  5:34  SCV  
  49  5:38  Marine x2  
  49  5:42  Marine  
  52  5:56  Marine x2  
  54  6:00  Marine  
  54  6:14  Marine x2  
  54  6:18  Marine  
  56  6:36  Marine  
  50  6:42  Marine x4  
  41  6:51  Factory  
  41  6:54  Marine, Refinery  
  41  6:57  Refinery  
  41  7:00  Marine x4  
  43  7:11  Marine  
  43  7:15  Barracks  
  42  7:18  Marine x4  
  45  7:24  Combat Shield, Sensor Tower  
  45  7:29  Marine  
  46  7:35  Marine, Factory Reactor  
  46  7:36  Marine x3, Factory  
  50  7:38  SCV  
  51  7:47  Marine, Terran Infantry Armor Level 1  
  51  7:50  SCV  
  53  7:53  Marine x2, Refinery  
  53  7:54  Marine x2  
  53  7:56  SCV  
  58  8:02  SCV  
  58  8:05  Marine  
  60  8:08  SCV, Command Center  
  60  8:11  Marine x4  
  65  8:14  SCV  
  65  8:17  Widow Mine x2  
  70  8:21  Factory Tech Lab  
  70  8:23  Marine  
  70  8:26  SCV  
  72  8:29  Marine x4  
  76  8:38  Barracks Reactor  
  76  8:39  Widow Mine x2  
  76  8:40  Marine  
  81  8:50  Marine x2  
  81  8:51  Marine x2  
  85  8:57  Supply Depot  
  85  8:58  Marine  
  85  9:02  Supply Depot  
  86  9:08  Orbital Command  
  86  9:14  Armory  
  86  9:19  Marine x5, Widow Mine  
  86  9:20  Supply Depot  
  86  9:24  Supply Depot  
  93  9:37  Marine x3  
  86  9:46  Marine x4  
  90  9:54  Marine x3  
  90  9:56  SCV  
  94  10:01  Supply Depot  
  94  10:04  Marine x4  
  98  10:08  SCV  
  98  10:12  Marine x2  
  101  10:19  Drilling Claws  
  101  10:20  SCV  
  102  10:22  Widow Mine x2  
  102  10:25  Supply Depot  
  106  10:32  SCV  
  107  10:43  Widow Mine  
  107  10:44  Widow Mine, SCV  
  98  11:05  Widow Mine x2  
  80  11:11  Marine x3  
  80  11:12  Marine x2  
  77  11:26  Widow Mine x2  
  77  11:29  Terran Infantry Weapons Level 2, Marine x5  
  86  11:39  Engineering Bay  
  86  11:40  Supply Depot  
  86  11:47  Marine x5  
  86  11:48  Widow Mine x2  
  86  11:49  Orbital Command  
  95  12:02  Supply Depot  
  95  12:05  Marine x4  
  99  12:09  Widow Mine x2  
  66  13:01  Starport  
  62  13:06  Marine x2  
  62  13:07  Marine x3  
  66  13:24  Marine x4  
  66  13:25  Marine  
  71  13:27  Widow Mine  
  71  13:28  Widow Mine  
  75  13:38  Barracks  
  75  13:42  Marine x5  
  80  13:49  Widow Mine x2  
  84  14:00  Marine x5  
  89  14:10  Widow Mine x2  
  93  14:17  Marine  
  93  14:18  Marine x4  
  93  14:20  Starport Reactor  
  98  14:31  Barracks Reactor  
  98  14:32  Armory, Widow Mine x2  
  98  14:35  Marine x2  
  98  14:36  Marine x3  
  107  14:53  Marine x4  
  107  14:54  Marine  
  112  15:06  Barracks  
  112  15:09  Medivac x2  
  112  15:11  Marine x4  
  112  15:12  Marine  
  121  15:15  Marine x2  
Show
View Real Time Build Order
Export as new Build Order

sjuften Terran - Winner!

Build Orders:  

Get SALT Encoding   

  12  0:31  Supply Depot  
  12  0:35  SCV  
  13  0:41  Refinery  
  13  0:47  SCV  
  14  0:54  Barracks  
  14  1:34  Barracks  
  14  1:41  Marine  
  14  1:43  Barracks  
  15  1:51  Supply Depot  
  15  1:59  Marine  
  16  2:12  Supply Depot  
  16  2:17  Marine  
  16  2:20  Marine  
  18  2:35  Marine  
  19  2:38  Marine  
  19  2:41  Marine  
  21  2:53  Marine  
  21  2:56  Marine  
  23  2:58  Marine  
  24  3:11  Marine  
  25  3:14  Marine  
  25  3:16  Marine  
  25  3:18  Command Center  
  27  3:31  Marine  
  28  3:35  Marine x2  
  30  3:49  Engineering Bay, Marine  
  30  3:52  Marine  
  32  4:08  Marine x2  
  34  4:10  Marine  
  35  4:20  Supply Depot  
  35  4:26  Marine x2  
  37  4:35  Terran Infantry Weapons Level 1  
  37  4:40  Barracks Tech Lab  
  37  4:45  Marine x2  
  39  5:10  Combat Shield  
  39  5:22  SCV  
  39  5:24  Orbital Command  
  40  5:34  SCV  
  16  6:49  Marine  
  16  6:50  Marine x2  
  19  7:07  Marine x2  
  19  7:08  Marine  
  22  7:10  Bunker  
  22  7:14  Bunker  
  22  7:25  Marine x3  
  25  7:42  Factory  
  25  7:43  Marine x3  
  28  8:01  Marine x3  
  31  8:09  Terran Infantry Armor Level 1  
  31  8:14  Refinery  
  31  8:19  Marine x3  
  34  8:36  Marine x2  
  34  8:37  Marine  
  37  8:44  Armory  
  37  8:46  SCV  
  38  8:57  Barracks Reactor x2  
  38  8:58  SCV  
  39  9:06  Marine  
  40  9:24  Marine  
  41  9:37  Reaper x2  
  41  9:38  Marine x2  
  43  9:41  Marine  
  46  9:56  Marine x2  
  46  9:59  Marine  
  49  10:09  Marine x2  
  49  10:14  Marine x2  
  51  10:17  Marine  
  54  10:26  Marine x2  
  50  10:31  Marine  
  50  10:32  Marine  
  50  10:35  Marine  
  39  10:44  Marine x2  
  39  10:49  Marine x2  
  34  10:53  Marine  
  33  11:02  Marine x2  
  35  11:07  Marine x2  
  35  11:10  Marine  
  38  11:17  Terran Infantry Armor Level 2  
  38  11:20  Marine x2  
  38  11:25  Marine x2  
  41  11:28  Marine  
  43  11:38  Marine x2  
  45  11:43  Marine x2  
  45  11:46  Marine  
  48  11:55  Marine  
  48  11:56  Marine  
  48  12:01  Marine x2  
  52  12:04  Marine  
  53  12:13  Marine x2  
  55  12:18  Marine x2  
  55  12:22  Marine  
  57  12:31  Marine x2  
  57  12:36  Marine  
  30  12:46  Marine  
  30  12:47  Marine  
  30  12:49  Marine x2  
  30  12:54  Marine  
  31  13:03  Marine  
  31  13:05  Marine  
  32  13:07  Marine  
Show
View Real Time Build Order
Export as new Build Order

thrilos Terran - Winner!

Build Orders: Reaper Expand 

Get SALT Encoding   

  12  0:03  SCV  
  13  0:17  SCV  
  14  0:28  Supply Depot  
  14  0:30  SCV  
  15  0:36  Refinery  
  15  0:50  SCV  
  15  0:54  Barracks  
  16  1:02  SCV  
  17  1:15  SCV  
  18  1:27  SCV  
  19  1:38  Command Center  
  19  1:41  Reaper  
  20  1:49  SCV  
  21  2:01  SCV  
  22  2:09  Factory  
  22  2:14  SCV  
  22  2:15  Refinery  
  23  2:25  Supply Depot  
  23  2:31  Orbital Command  
  23  2:47  Engineering Bay  
  23  2:56  Orbital Command  
  23  2:57  SCV  
  24  3:01  Factory Tech Lab  
  24  3:06  Marine  
  25  3:13  SCV  
  26  3:27  Siege Tank  
  28  3:44  Command Center  
  28  3:45  Marine  
  28  3:46  SCV  
  30  3:51  SCV  
  31  3:58  SCV  
  32  4:03  SCV  
  33  4:10  SCV  
  33  4:15  SCV  
  35  4:20  Sensor Tower  
  35  4:23  SCV  
  36  4:26  Starport  
  36  4:27  Starport, SCV  
  37  4:35  SCV  
  38  4:39  SCV  
  38  4:44  Missile Turret  
  39  4:47  SCV  
  39  4:48  Refinery  
  39  4:50  Refinery  
  39  4:52  SCV  
  41  5:03  Refinery  
  41  5:05  Orbital Command  
  41  5:06  Refinery, SCV  
  42  5:09  Starport Tech Lab x2  
  42  5:18  SCV x2  
  42  5:20  Starport  
  44  5:22  Starport  
  44  5:23  Starport  
  44  5:26  Missile Turret  
  44  5:30  SCV x2  
  46  5:38  Banshee x2  
  46  5:41  SCV  
  53  5:46  SCV  
  53  5:49  SCV  
  55  5:53  SCV  
  56  5:58  Missile Turret  
  56  5:59  Starport Tech Lab x3  
  56  6:01  Supply Depot x2  
  56  6:02  Hyperflight Rotors, Cloaking Field  
  56  6:03  Supply Depot  
  56  6:04  SCV x2  
  57  6:09  Marine  
  59  6:17  SCV x2  
  61  6:19  Supply Depot  
  61  6:21  Banshee  
  61  6:23  Banshee  
  67  6:27  Marine, Banshee  
  71  6:38  SCV x3  
  74  6:42  Banshee x2  
  80  6:47  Bunker  
  80  6:50  SCV x2  
  80  6:51  SCV  
  83  7:02  Starport x2  
  83  7:12  Banshee x2  
  83  7:14  Banshee  
  92  7:24  Supply Depot  
  92  7:30  SCV x3  
  95  7:41  Armory  
  95  7:43  Armory  
  95  7:45  Barracks Reactor  
  95  7:47  Command Center  
  95  7:48  SCV x2  
  95  7:49  SCV  
  98  7:56  Banshee  
  98  7:57  Banshee  
  98  7:58  Banshee  
  104  7:59  Starport Tech Lab  
  104  8:00  Starport Tech Lab  
  104  8:02  SCV x2  
  104  8:03  SCV  
  110  8:19  Fusion Core  
  110  8:27  SCV  
  110  8:28  SCV x2  
  110  8:30  Terran Vehicle And Ship Armor Level 1  
  110  8:31  Terran Ship Weapons Level 1  
  110  8:32  Supply Depot, Drilling Claws  
  110  8:33  Supply Depot  
  113  9:13  Battlecruiser x3  
  101  10:01  Battlecruiser x3  
  119  10:25  Planetary Fortress, Missile Turret  
  119  10:26  Missile Turret  
  119  10:27  Missile Turret  
  119  10:31  Refinery  
  119  10:34  Refinery  
  119  10:39  Terran Vehicle And Ship Armor Level 2  
  119  10:40  Terran Ship Weapons Level 2  
  119  10:52  SCV x3  
  122  11:34  Battlecruiser  
  122  11:35  Battlecruiser  
  122  11:36  Battlecruiser  
  131  11:58  Weapon Refit  
  125  12:28  Battlecruiser  
  125  12:29  Battlecruiser x2  
  137  12:48  Missile Turret  
  137  12:49  Missile Turret  
  137  12:57  Battlecruiser  
  143  13:33  Supply Depot  
  143  13:36  Battlecruiser x3  
  161  14:12  Battlecruiser x3  
Show
View Real Time Build Order
Export as new Build Order

Teomix Terran 

Build Orders: 2 Factory 

Get SALT Encoding   

  13  0:07  SCV  
  13  0:19  SCV  
  14  0:23  Supply Depot  
  14  0:33  Refinery  
  14  0:34  SCV  
  15  0:46  SCV  
  15  0:49  Barracks  
  16  0:58  SCV  
  17  1:10  SCV  
  18  1:22  SCV  
  19  1:34  Supply Depot, SCV  
  20  1:41  Factory  
  20  1:42  Marine  
  21  2:00  Marine  
  22  2:12  Refinery  
  22  2:18  Marine  
  23  2:28  Supply Depot  
  25  2:37  Hellion  
  25  2:48  Factory  
  25  2:51  Supply Depot  
  25  2:56  Orbital Command  
  27  2:58  Hellion  
  28  3:20  Hellion  
  29  3:41  Hellion  
  29  3:52  Factory Reactor  
  29  3:59  Barracks Reactor  
  31  4:03  Hellion  
  31  4:14  SCV  
  31  4:15  Command Center  
  34  4:24  Hellion  
  34  4:26  SCV  
  32  4:35  Widow Mine x2  
  36  4:46  Factory Reactor  
  36  4:57  Widow Mine x2  
  40  5:20  Hellion x2  
  44  5:41  Hellion x2  
  48  5:44  Hellion  
  48  5:45  Hellion  
  52  6:06  Hellion x2  
  52  6:10  Widow Mine  
  52  6:11  Widow Mine  
  60  6:32  Widow Mine x2  
  52  6:53  Widow Mine x2  
  54  7:04  SCV  
  55  7:10  Refinery  
  55  7:14  Widow Mine  
  57  7:16  SCV  
  58  7:28  SCV  
  59  7:35  Hellion  
  59  7:36  Hellion x3  
  67  7:40  SCV  
  68  7:52  SCV  
  68  7:57  Hellion x3  
  75  8:02  SCV  
  75  8:04  SCV  
  77  8:13  Starport  
  77  8:14  SCV  
  77  8:16  SCV  
  77  8:19  Hellion  
  81  8:20  Hellion  
  81  8:21  Hellion  
  85  8:28  SCV  
  77  9:06  Engineering Bay  
Show
View Real Time Build Order
Export as new Build Order

MooEsqoo Zerg 

Build Orders: Hatch First 

Get SALT Encoding   

  12  0:02  Drone  
  13  0:13  Overlord  
  13  0:18  Drone  
  14  0:32  Drone  
  14  0:33  Drone  
  16  0:37  Drone  
  17  0:54  Drone  
  18  1:03  Hatchery  
  17  1:10  Drone  
  18  1:11  Drone  
  18  1:14  Extractor  
  18  1:21  Drone  
  19  1:27  Spawning Pool  
  19  1:30  Drone  
  19  1:40  Drone  
  20  1:53  Drone  
  21  2:02  Overlord  
  21  2:12  Overlord  
  21  2:15  Queen  
  23  2:18  Zergling x2  
  23  2:20  Queen  
  26  2:23  Zergling x2  
  26  2:28  Drone  
  28  2:36  Overlord  
  28  2:47  Hatchery  
  27  2:51  Drone  
  27  2:52  Drone x2  
  30  3:05  Drone x2  
  32  3:19  Metabolic Boost  
  32  3:20  Drone x3  
  32  3:21  Drone  
  36  3:33  Zergling x2, Drone  
  36  3:34  Zergling x4, Drone  
  39  3:35  Drone  
  42  3:45  Queen  
  44  3:54  Drone x4  
  48  4:13  Lair  
  48  4:14  Roach Warren  
  48  4:15  Evolution Chamber  
  46  4:17  Evolution Chamber  
  46  4:20  Baneling Nest  
  44  4:29  Drone x2  
  44  4:30  Drone x3  
  44  4:31  Drone x4  
  52  4:32  Drone x4  
  57  4:39  Overlord  
  57  4:45  Extractor  
  56  4:47  Extractor, Zerg Missile Weapons Level 1  
  56  4:48  Zerg Ground Armor Level 1  
  55  4:55  Extractor  
  54  5:18  Drone  
  54  5:19  Drone x6  
  54  5:20  Drone  
  54  5:21  Drone x4  
  65  5:24  Overlord x3  
  66  5:59  Spire  
  62  6:06  Spire  
  58  6:18  Baneling x4  
  45  6:19  Baneling  
  45  6:21  Zergling x10  
  45  6:22  Zergling x8  
  31  6:48  Drone x2  
  31  6:49  Drone x2  
  34  7:00  Drone x2  
  36  7:09  Hatchery  
  35  7:17  Extractor  
  34  7:33  Baneling x2  
  34  7:40  Extractor x2  
  32  7:53  Drone x4  
  32  7:54  Drone x2  
  38  8:12  Baneling x4  
  38  8:25  Drone x2  
  38  8:26  Drone x2, Queen x2  
  42  8:32  Zerg Missile Weapons Level 2  
  46  8:35  Zerg Flyer Weapons Level 1  
  46  8:39  Baneling x4  
  46  8:43  Drone x4  
  50  8:49  Queen  
  52  9:00  Spore Crawler x2  
  50  9:06  Spore Crawler  
  50  9:09  Spore Crawler  
  48  9:15  Spore Crawler  
  47  9:17  Drone x4  
  47  9:18  Drone x2  
  47  9:21  Spore Crawler  
  52  9:26  Overseer  
  52  9:38  Corruptor x3  
  52  9:45  Corruptor x2  
  58  9:47  Drone x3  
  58  9:50  Drone  
  66  10:23  Overlord x4  
  66  10:24  Overlord x2  
  57  10:48  Zergling x4  
  57  10:49  Zergling x14  
  65  11:06  Zerg Flyer Weapons Level 2  
  65  11:17  Overseer  
  65  11:18  Overseer  
  65  11:22  Baneling x2  
  65  11:23  Baneling x7  
  65  11:24  Baneling x6  
  64  11:53  Zerg Flyer Armor Level 1  
  64  11:56  Drone x4  
  64  11:57  Drone x7  
  75  12:15  Drone x3  
  77  12:16  Drone x4  
  77  12:21  Overlord  
  82  12:26  Overlord  
  82  12:31  Overlord  
  82  13:07  Corruptor x2, Drone x6  
  82  13:08  Corruptor x2  
  96  13:14  Drone x5  
  96  13:18  Corruptor  
  103  13:30  Zerg Melee Weapons Level 1  
  103  13:41  Corruptor x6  
  103  13:42  Corruptor x3  
  121  13:55  Zergling x6  
  123  13:56  Zergling x10  
  123  14:00  Baneling x3  
  129  14:02  Centrifical Hooks  
  129  14:04  Glial Reconstitution  
  129  14:10  Overlord x3  
  129  14:11  Overlord x4  
  129  14:28  Overlord x2  
  128  14:33  Corruptor x7  
  128  14:34  Corruptor  
  132  14:44  Corruptor  
  132  14:45  Corruptor x2  
  120  14:57  Corruptor x3  
Show
View Real Time Build Order
Export as new Build Order

Cammy Zerg 

Build Orders: 3 Hatch before Pool, Brood Lord Corruptor 

Get SALT Encoding   

  12  0:08  Overlord  
  12  0:15  Drone  
  12  0:18  Drone  
  14  0:33  Drone  
  14  0:34  Drone  
  16  0:47  Drone  
  17  1:00  Hatchery  
  16  1:04  Drone x2  
  18  1:27  Hatchery, Drone  
  18  1:28  Drone  
  19  1:33  Extractor  
  18  1:50  Spawning Pool  
  18  1:51  Drone  
  18  1:52  Drone  
  19  2:00  Drone  
  20  2:08  Extractor  
  20  2:10  Drone  
  20  2:20  Drone  
  20  2:22  Drone  
  22  2:24  Drone  
  23  2:33  Drone  
  23  2:37  Lair  
  24  2:38  Queen  
  24  2:40  Drone  
  27  2:44  Drone  
  27  2:50  Drone  
  29  2:55  Drone x2  
  29  2:57  Drone  
  33  2:58  Drone  
  33  3:03  Extractor  
  33  3:05  Drone  
  33  3:10  Drone  
  34  3:20  Spine Crawler  
  34  3:22  Drone  
  34  3:24  Overlord  
  34  3:29  Overlord  
  34  3:45  Drone x3  
  34  3:47  Queen  
  39  3:49  Overlord  
  39  3:55  Infestation Pit  
  38  3:57  Drone x2  
  38  3:58  Evolution Chamber, Drone  
  40  4:09  Drone x2, Spire  
  41  4:14  Extractor  
  41  4:15  Drone x2  
  42  4:21  Drone  
  42  4:22  Drone x2  
  45  4:26  Extractor  
  45  4:29  Drone x2  
  46  4:32  Zerg Melee Weapons Level 1  
  46  4:37  Drone x3  
  49  4:39  Drone  
  50  4:45  Drone  
  50  4:48  Overlord, Drone  
  52  4:55  Queen  
  54  5:02  Drone  
  54  5:04  Hive  
  55  5:12  Evolution Chamber  
  55  5:13  Drone x3  
  57  5:20  Overlord  
  57  5:21  Corruptor  
  57  5:22  Corruptor  
  61  5:34  Drone  
  62  5:36  Metabolic Boost  
  62  5:43  Extractor, Drone x4  
  62  5:44  Drone  
  66  5:51  Drone x2  
  66  5:54  Zerg Ground Armor Level 1  
  68  8:47  Corruptor  
  68  8:48  Corruptor x2  
  72  8:51  Overlord x4  
  72  8:52  Overlord x3  
  74  9:05  Overlord  
  74  9:06  Overlord  
  74  9:08  Zerg Melee Weapons Level 2  
  74  9:09  Zerg Ground Armor Level 2  
  74  9:14  Greater Spire  
  74  9:22  Corruptor  
  74  9:23  Corruptor x2  
  80  9:28  Overseer  
  80  9:29  Overseer  
  80  9:41  Corruptor x3  
  86  10:19  Drone x2  
  86  10:20  Drone x3  
  91  10:21  Corruptor x3, Overlord  
  91  10:22  Corruptor x5  
  107  10:36  Corruptor x2  
  107  10:37  Corruptor x3  
  117  10:45  Spire  
  116  11:01  Brood Lord x4  
  116  11:02  Brood Lord x6  
  116  11:03  Brood Lord x5  
  124  11:25  Spire  
  124  11:28  Overseer x3  
  91  12:52  Corruptor  
  91  12:53  Corruptor x2  
  91  12:56  Corruptor  
  91  12:57  Corruptor x4  
  93  13:01  Corruptor x2  
  93  13:02  Corruptor x2  
Show
View Real Time Build Order
Export as new Build Order

ShraSs Terran 

Build Orders:  

Get SALT Encoding   

  12  0:03  SCV  
  13  0:15  SCV  
  13  0:21  Supply Depot  
  14  0:27  SCV  
  15  0:42  SCV  
  16  0:44  Barracks  
  16  0:47  Refinery  
  16  0:54  SCV  
  16  0:56  Refinery  
  17  1:07  SCV  
  18  1:11  Supply Depot  
  18  1:19  SCV  
  20  1:34  Marine  
  20  1:35  Engineering Bay  
  20  1:44  Orbital Command  
  20  1:52  Marine  
  21  2:06  Factory  
  21  2:09  SCV  
  22  2:19  Missile Turret  
  22  2:21  SCV  
  23  2:28  Marine  
  24  2:33  SCV  
  25  2:45  SCV  
  25  2:47  Marine  
  25  2:50  Factory Tech Lab  
  27  2:53  Starport  
  27  2:57  SCV  
  28  3:05  Supply Depot, Marine  
  29  3:16  SCV  
  30  3:24  Marine  
  31  3:29  Supply Depot  
  31  3:30  SCV  
  32  3:36  Fusion Core  
  32  3:42  SCV  
  32  3:44  Armory  
  33  3:50  Supply Depot  
  33  4:23  Battlecruiser  
  39  4:26  Weapon Refit  
  39  4:46  Command Center  
  39  4:51  Terran Ship Weapons Level 1  
  39  5:13  Starport  
  39  5:16  Factory Tech Lab  
  39  5:20  SCV  
  40  5:33  SCV  
  41  5:45  SCV  
  41  5:46  Refinery  
  42  5:55  Battlecruiser  
  48  5:59  Missile Turret  
  48  6:01  Refinery  
  47  6:12  Starport Tech Lab  
  47  6:21  Orbital Command  
  47  6:28  SCV  
  48  6:40  SCV  
  48  6:45  Battlecruiser  
  55  6:48  SCV  
  55  6:52  SCV  
  57  7:00  SCV  
  58  7:04  SCV  
  58  7:08  Rapid Reignition System  
  59  7:13  SCV  
  59  7:14  Supply Depot  
  60  7:16  SCV  
  61  7:25  SCV  
  61  7:28  SCV  
  64  7:37  SCV  
  64  7:40  SCV  
  64  7:41  Battlecruiser  
  64  7:43  Command Center  
  71  7:49  SCV, Command Center  
  72  7:53  SCV  
  73  8:01  SCV  
  73  8:05  SCV  
  75  8:13  SCV  
  75  8:16  Supply Depot  
  75  8:19  Supply Depot  
  76  8:24  Missile Turret  
  76  8:29  Missile Turret  
  76  8:31  Missile Turret  
  76  8:38  Battlecruiser  
  76  8:40  Hi-Sec Auto Tracking  
  82  8:46  Missile Turret  
  82  8:49  Supply Depot  
  82  8:50  Missile Turret  
  82  8:56  Missile Turret  
  82  9:12  Battlecruiser, Missile Turret  
  88  9:37  Neosteel Armor  
  88  9:42  Battlecruiser  
  94  10:05  Planetary Fortress  
  94  10:06  Planetary Fortress  
  94  10:08  Missile Turret  
  94  10:15  Missile Turret  
  94  10:16  SCV x2, Battlecruiser  
  102  10:21  Advanced Ballistics  
  103  10:28  SCV  
  103  10:29  Missile Turret  
  103  10:35  Missile Turret  
  96  10:46  Battlecruiser  
  96  10:48  Missile Turret  
  96  10:55  Missile Turret  
  96  11:06  Terran Vehicle And Ship Armor Level 1  
  96  11:08  Missile Turret  
  88  11:17  Missile Turret  
  88  11:20  Battlecruiser  
  94  11:28  Refinery  
  94  11:30  Refinery  
  94  11:32  Missile Turret  
  94  11:39  Command Center, Missile Turret  
  94  11:40  Command Center  
  94  11:51  Battlecruiser  
  100  11:54  Missile Turret  
  99  12:01  Armory  
  87  12:40  Battlecruiser  
  93  12:49  SCV x3  
  96  12:52  SCV  
  97  13:01  SCV  
  80  13:24  Battlecruiser  
  68  13:37  Refinery  
  68  13:38  Planetary Fortress  
  68  13:39  Refinery  
  62  13:42  Missile Turret  
  62  13:45  Missile Turret  
  62  13:48  Missile Turret  
Tags
 
Add a new tag
Caveats
  • Supply blocks, unpowered buildings, or Contaminate may cause inaccurate times.
  • Supply counts are checked every 10 seconds.